 Dungeon Crawl Stone Soup version 0.18.1-48-g4cf74bf (webtiles) character file.

767 Gargoyl the Covered (level 7, -7/56 HPs)
             Began as a Demonspawn Abyssal Knight on Aug 12, 2016.
             Was a Priest of Lugonu.
             Mangled by an ogre
             ... wielding a +0 giant club
              (10 damage)
             ... on level 3 of the Dungeon.
             The game lasted 00:09:14 (4195 turns).

Gargoyl the Covered (Demonspawn Abyssal Knight)     Turns: 4195, Time: 00:09:15

Health: -7/56      AC: 10    Str: 11 (14) XL:     7   Next: 52%
Magic:  9/9        EV:  5    Int: 11 (14) God:    Lugonu [***...]
Gold:   115        SH:  0    Dex: 10 (12) Spells: 0 memorised, 6 levels left

rFire  . . .     SeeInvis .     a - +1 hand axe
rCold  . . .     Gourm    .     i - +0 chain mail
rNeg   . . .     Faith    .     (no shield)
rPois  .         Spirit   .     (helmet restricted)
rElec  .         Dismiss  .     (no cloak)
rCorr  .         Reflect  .     (no gloves)
SustAt .         Harm     .     (no boots)
MR     .....                    (no amulet)
Stlth  ..........               (no ring)
                                (no ring)

@: not resistant to hostile enchantments, extremely unstealthy
A: horns 1, demonic guardian 1, nightstalker 1
a: Depart the Abyss, Bend Space, Banish, Renounce Religion


You were on level 3 of the Dungeon.
You worshipped Lugonu.
Lugonu was most pleased with you.
You were not hungry.

You visited 1 branch of the dungeon, and saw 3 of its levels.
You visited the Abyss 1 time.

You collected 115 gold pieces.

Inventory:

Hand Weapons
 a - a +1 hand axe (weapon)
Armour
 i - a +0 chain mail (worn)
Scrolls
 d - a scroll of amnesia {unknown}
 f - 3 scrolls of remove curse {unknown}
 g - 2 scrolls of fog {unknown}
 j - a scroll of enchant weapon {unknown}
 l - 2 scrolls of identify {unknown}
 p - 2 scrolls of random uselessness {unknown}
Potions
 e - a potion of might {unknown}
 q - a potion of lignification {unknown}
Comestibles
 c - 2 bread rations
 k - a beef jerky
 o - a slice of pizza
 r - 2 royal jellies
 s - a meat ration


   Skills:
 + Level 5.2 Fighting
 + Level 3.6 Axes
 * Level 5.5 Armour
 + Level 1.9 Dodging
 + Level 2.8 Invocations


You had 6 spell levels left.
You didn't know any spells.

Dungeon Overview and Level Annotations

Branches:
Dungeon (3/15)

Altars:
Elyvilon
Yredelemnul
The Shining One


Innate Abilities, Weirdness & Mutations

You have a pair of small horns on your head.
A weak demonic guardian rushes to your aid.
You are slightly more attuned to the shadows.


Message History

* * * LOW HITPOINT WARNING * * *
A gnoll comes into view. It is wielding a club.
There is a huge open gate here.
You hit the gnoll.
The gnoll is lightly wounded.
You hit the gnoll.
The gnoll is lightly wounded.
Your ufetubus hits the gnoll.
Your ufetubus barely misses the gnoll.
The gnoll hits you with a flail.
* * * LOW HITPOINT WARNING * * *
Your ufetubus hits the gnoll. x2
Drink which item? (? for menu, Esc to quit)
It was a potion of degeneration.
There was something very wrong with that liquid.
You feel weakened.
You feel dopey.
You feel clumsy. The gnoll barely misses you.
The gnoll hits you with a halberd!
* * * LOW HITPOINT WARNING * * *
Your ufetubus barely misses the gnoll.
Your ufetubus hits the gnoll. The ogre hits you with a giant club!
You die...

####.........#.##.# #.
##########........)<).#.# #.
######>.......)...##...).)...###.
...........g.....................
≈≈≈≈≈≈≈≈≈≈≈≈≈≈.)..≈≈≈≈≈≈≈≈≈≈≈≈≈≈≈
≈≈≈≈≈≈≈≈≈≈≈≈≈≈....≈≈≈≈≈≈≈≈≈≈≈≈≈≈≈
##≈≈≈≈≈≈≈≈≈≈≈≈....≈≈≈≈≈≈≈≈≈≈≈≈###
.#.............5gO............#..
.#############''@g#############..
'#...........#....#...........#'#
.'.....).)...))...).).))[.....'.#
.#...........#....#....)......#)#
)##############################.#
.))...#.'..............'.#......#
..)...#.#..............#.#......#
.###'##)#..............#.##'###.#
.#....#)#............).#.#....#.#


You could see an ogre, 3 gnolls and a friendly ufetubus.

Vanquished Creatures
  A sky beast (D:3)
  An eye of draining (Abyss:1)
  2 gnoll shamans (D:3)
  Natasha (twice) (D:3)
  An orc wizard (D:3)
  2 adders (D:2)
  32 gnolls
  A worm (D:3)
  A dart slug (D:3)
  3 giant geckos
  2 orcs (D:3)
  6 bats
  5 giant cockroaches
  11 goblins
  5 hobgoblins
  18 jackals
  2 quokkas (D:3)
  A giant newt (D:3)
  11 kobolds
  10 rats
117 creatures vanquished.

Vanquished Creatures (collateral kills)
  2 gnoll shamans (D:3)
  3 gnolls (D:3)
5 creatures vanquished.

Vanquished Creatures (others)
  2 starspawn tentacles (Abyss:1)
2 creatures vanquished.

Grand Total: 124 creatures vanquished

Notes
Turn   | Place    | Note
--------------------------------------------------------------
     0 | Abyss:1  | Gargoyl the Demonspawn Abyssal Knight began the quest for the Orb.
     0 | Abyss:1  | Reached XP level 1. HP: 18/18 MP: 2/2
    29 | Abyss:1  | Noticed an eye of draining
    36 | Abyss:1  | Noticed a shadow demon
    49 | Abyss:1  | Noticed a tentacled starspawn
    52 | Abyss:1  | Noticed a rust devil
    52 | Abyss:1  | Noticed a ynoxinul
    54 | Abyss:1  | Killed an eye of draining
    54 | Abyss:1  | Gained mutation: You have a pair of small horns on your head. [demonic ancestry]
    54 | Abyss:1  | Reached XP level 2. HP: 25/26 MP: 2/4
    54 | Abyss:1  | Reached XP level 3. HP: 29/31 MP: 2/5
    54 | Abyss:1  | Gained mutation: A weak demonic guardian rushes to your aid. [demonic ancestry]
    54 | Abyss:1  | Reached XP level 4. HP: 36/38 MP: 2/6
    57 | D:1      | Escaped the Abyss
   595 | D:1      | Reached * piety under Lugonu
  1261 | D:2      | Gained mutation: You are slightly more attuned to the shadows. [demonic ancestry]
  1261 | D:2      | Reached XP level 5. HP: 43/43 MP: 7/7
  1353 | D:2      | Found a glowing golden altar of the Shining One.
  1372 | D:2      | Found a basalt altar of Yredelemnul.
  1375 | D:2      | Noticed a profane servitor
  1745 | D:2      | Noticed an angel
  1956 | D:3      | Reached ** piety under Lugonu
  1956 | D:3      | Reached skill level 1 in Dodging
  2566 | D:3      | Found a white marble altar of Elyvilon.
  2588 | D:3      | Reached XP level 6. HP: 19/50 MP: 8/8
  3106 | D:3      | Noticed a sky beast
  3115 | D:3      | Killed a sky beast
  3115 | D:3      | Reached skill level 5 in Fighting
  3242 | D:3      | Noticed Natasha
  3250 | D:3      | Killed Natasha
  3394 | D:3      | Reached *** piety under Lugonu
  3574 | D:3      | Reached XP level 7. HP: 38/56 MP: 9/9
  3819 | D:3      | Reached skill level 5 in Armour
  3843 | D:3      | Noticed Natasha
  3849 | D:3      | Killed Natasha
  4195 | D:3      | Mangled by an ogre

Skill      XL: |  1  2  3  4  5  6  7 |
---------------+----------------------+-----
Fighting       | 4 5 |  5.2
Axes           | 2 3 |  3.6
Armour         | 2 3 4 5 |  5.5
Dodging        | 1 |  1.9
Invocations    | |  2.8

Action                   |  1- 3 |  4- 6 |  7- 9 || total
-------------------------+-------+-------+-------++-------
Melee: Hand axe          |    13 |   289 |    98 ||   400
       Headbutt          |       |    41 |    22 ||    63
Invok: Depart the Abyss  |       |     1 |       ||     1
  Use: Potion            |       |     2 |     3 ||     5
  Eat: Chunk             |       |     9 |     2 ||    11
Armor: Leather armour    |     1 |     7 |       ||     8
       Chain mail        |       |   278 |    46 ||   324
Dodge: Dodged            |     1 |   135 |    36 ||   172
